 Dungeon Crawl Stone Soup version 0.14-a0-2592-g262d02f (webtiles) character file.

232 Kae the Ruinous (level 5, 0/38 HPs)
             Began as a Draconian Wizard on Feb 12, 2014.
             Slain by a hound (2 damage)
             ... on Level 4 of the Dungeon.
             The game lasted 00:04:39 (3079 turns).

Kae the Ruinous (Draconian Wizard)                  Turns: 3079, Time: 00:04:39

HP   0/38        AC  5     Str  9      XL: 5   Next:  3%
MP   9/12        EV 12     Int 24      God:
Gold 91          SH  0     Dex 10      Spells:  4 memorised,  3 levels left

rFire  + . .     SeeInvis .     h - +0,+1 elf dagger
rCold  + . .     Clarity  .     (armour unavailable)
rNeg   . . .     Conserve .     (no shield)
rPois  +         rCorr    .     b - +0 hat
rElec  +         rRot     .     (no cloak)
SustAb . .       Spirit   .     (no gloves)
rMut   .         Warding  .     (no boots)
Saprov . . .     Stasis   .     (no amulet)
MR     .....                    (no ring)
                                (no ring)

@: brilliant, mildly poisoned, not resistant to hostile enchantments, unstealthy
A: unfitting armour, AC +5
a: no special abilities


You were on level 4 of the Dungeon.
You were very hungry.

You visited 1 branch of the dungeon, and saw 4 of its levels.

You collected 91 gold pieces.

Inventory:

Hand weapons
 h - a +0,+1 elven dagger (weapon)
Missiles
 n - 3 tomahawks (quivered)
Armour
 b - a +0 hat (worn)
Comestibles
 d - 4 bread rations
 k - an apple
 t - a meat ration
Scrolls
 e - 3 scrolls of enchant weapon II {unknown}
 f - 2 scrolls of teleportation {unknown}
 g - a scroll of enchant armour {unknown}
 j - 4 scrolls of identify {unknown}
 m - a scroll of magic mapping {unknown}
 o - a scroll of amnesia {unknown}
 u - a scroll of curse weapon {unknown}
 x - a scroll of blinking {unknown}
Jewellery
 l - a +6 ring of intelligence {unknown}
 v - a +5,+5 ring of slaying {unknown}
Potions
 a - 2 potions of brilliance
Books
 c - a book of Minor Magic

   Spells                             Type                      Level
   *Magic Dart                        Conjuration                  1
   *Blink                             Translocation                2
   *Call Imp                          Summoning                    2
   Repel Missiles                     Charms/Air                   2
   Slow                               Hexes                        2
   *Conjure Flame                     Conjuration/Fire             3
   Mephitic Cloud                     Conjuration/Poison/Air       3
 w - a book of Minor Magic

   Spells                             Type                      Level
   *Magic Dart                        Conjuration                  1
   *Blink                             Translocation                2
   *Call Imp                          Summoning                    2
   Repel Missiles                     Charms/Air                   2
   Slow                               Hexes                        2
   *Conjure Flame                     Conjuration/Fire             3
   Mephitic Cloud                     Conjuration/Poison/Air       3


   Skills:
 - Level 1.7 Dodging
 - Level 1.7 Stealth
 + Level 3.9 Spellcasting
 * Level 4.0 Conjurations
 - Level 1.0 Summonings
 - Level 1.0 Translocations


You had 3 spell levels left.
You knew the following spells:

 Your Spells              Type           Power        Failure   Level  Hunger
a - Magic Dart            Conj           ####         1%          1    None
b - Blink                 Tloc           N/A          1%          2    #......
c - Conjure Flame         Conj/Fire      ####....     1%          3    ###....
d - Call Imp              Summ           ###.......   1%          2    #......


Dungeon Overview and Level Annotations

Branches:
Dungeon (4/16)
 Temple: D:4-7

Altars:
Elyvilon
Nemelex Xobeh
Zin

Annotations:
D:4 Blork the orc, Pikel


Message History

Casting: Magic Dart
Confirm with . or Enter, or press ? or * to list all spells.
Aiming: Magic Dart
Press: ? - help, Shift-Dir - straight line, f/p - Blork the orc
Aim: Blork the orc, wielding an orcish scimitar and wearing an orcish robe (severely wounded, moving very quickly)
The magic dart hits Blork the orc.
Blork the orc is almost dead.
The hound barely misses you.
Blork the orc hits you with an orcish scimitar!
* * * LOW HITPOINT WARNING * * *
Casting: Magic Dart
Confirm with . or Enter, or press ? or * to list all spells.
Aiming: Magic Dart
Press: ? - help, Shift-Dir - straight line, f/p - Blork the orc
Aim: Blork the orc, wielding an orcish scimitar and wearing an orcish robe (almost dead, moving very quickly)
The magic dart hits Blork the orc.
Blork the orc is almost dead.
The hound barely misses you. Blork the orc closely misses you.
The hound bites you.
You die...

# #.# #...# # #.#
#...# # #.# #?..### #
#.# ####....... .
###.# ............ ...
..#.. ............
.... #.### ...........
.@... #.#
##...#####@...... #.#
#(....o@h.# ..#
#...####### ### #...#
#### ####...#########
...####..............#
#.........#.#..#####.#
#.#######...#..#####.#
#.# ### #.........##.#
#.#######.........##.#


You could see Blork the orc, 2 slaves and a hound.

Vanquished Creatures
  A hound (D:4)
  3 adders (D:2)
  A worm (D:3)
  A giant eyeball (D:3)
  A giant gecko (D:3)
  3 orcs
  4 giant cockroaches
  9 goblins
  12 hobgoblins
  4 jackals (D:2)
  4 quokkas (D:2)
  2 ball pythons
  5 bats
  6 giant newts
  A gnoll skeleton (D:4)
  11 kobolds
  A kobold skeleton (D:4)
  9 rats
78 creatures vanquished.

Notes
Turn   | Place    | Note
--------------------------------------------------------------
     0 | D:1      | Kae, the Draconian Wizard, began the quest for the Orb.
     0 | D:1      | Reached XP level 1. HP: 14/14 MP: 4/4
   614 | D:1      | Reached XP level 2. HP: 20/20 MP: 4/6
  1186 | D:2      | Found a sparkling altar of Nemelex Xobeh.
  1198 | D:2      | Reached XP level 3. HP: 26/26 MP: 4/8
  1958 | D:2      | Reached XP level 4. HP: 31/33 MP: 6/10
  2428 | D:3      | Paralysed by a giant eyeball for 4 turns
  2631 | D:4      | Noticed Blork the orc
  2746 | D:4      | Learned a level 2 spell: Blink
  2750 | D:4      | Learned a level 3 spell: Conjure Flame
  2753 | D:4      | Learned a level 2 spell: Call Imp
  2766 | D:4      | Found a glowing silver altar of Zin.
  2771 | D:4      | Reached skill level 4 in Conjurations
  2960 | D:4      | Found a white marble altar of Elyvilon.
  2962 | D:4      | Reached XP level 5. HP: 38/38 MP: 9/12
  3076 | D:4      | Noticed Pikel
  3076 | D:4      | Noticed a slave
  3078 | D:4      | Noticed a slave
  3079 | D:4      | Slain by a hound

Action                   |  1- 3 |  4- 6 || total
-------------------------+-------+-------++-------
Melee: Unarmed           |    24 |       ||    24
       Dagger            |    35 |     8 ||    43
Throw: Tomahawk          |       |     1 ||     1
 Cast: Magic Dart        |    86 |    89 ||   175
       Conjure Flame     |       |     1 ||     1
  Use: Potion            |       |     6 ||     6
